 Dungeon Crawl Stone Soup version 0.30.0 (webtiles) character file.

Game seed: 12287815080855251255

983 Dani the Skirmisher (level 7, -3/52 HPs)
             Began as a Demonspawn Fighter on May 20, 2023.
             Slain by an ogre
             ... wielding a +0 giant spiked club
              (33 damage)
             ... on level 5 of the Dungeon.
             The game lasted 00:06:56 (3810 turns).

Dani the Skirmisher (Demonspawn Fighter)            Turns: 3810, Time: 00:06:57

Health: -3/52      AC:  7    Str: 16    XL:     7   Next: 96%
Magic:  7/7        EV:  8    Int: 11    God:
Gold:   180        SH:  4    Dex: 13    Spells: 6/6 levels left

rFire   . . .        a - +1 war axe (freeze)
rCold   . . .        c - +0 buckler
rNeg    . . .        b - +1 scale mail
rPois   .            (no helmet)
rElec   .            (no cloak)
rCorr   .            (no gloves)
SInv    .            (no boots)
Will    .....        p - amulet of the acrobat Stlth
                     (no ring)
HPRegen 0.28/turn    (no ring)
MPRegen 0.10/turn

%: acrobat
@: no status effects
A: demonic guardian 1
a: no special abilities


You were on level 5 of the Dungeon.
You visited 1 branch of the dungeon, and saw 5 of its levels.

You collected 180 gold pieces.

Inventory:

Hand Weapons
 a - a +1 war axe of freezing (weapon)
Missiles
 Z - 2 throwing nets
Armour
 b - a +1 scale mail (worn)
 c - a +0 buckler (worn)
Jewellery
 p - an amulet of the acrobat (around neck)
   (You found it on level 5 of the Dungeon)
Wands
 g - a wand of charming (8)
   (You found it on level 5 of the Dungeon)
 D - a wand of digging (5)
   (You found it on level 4 of the Dungeon)
 V - a wand of flame (38) (quivered)
   (You found it on level 3 of the Dungeon)
Scrolls
 k - 2 scrolls of enchant weapon
 R - a scroll of identify {@r1}
Potions
 d - 2 potions of might
 e - a potion of lignification
 f - a potion of magic {unknown}
 h - a potion of degeneration {unknown}
 i - a potion of flight {unknown}
 j - a potion of invisibility {unknown}
 l - 2 potions of attraction {unknown}
 m - a potion of heal wounds {unknown}
 n - 2 potions of haste {unknown}
 o - a potion of berserk rage {unknown}
 q - a potion of mutation {unknown}
 Q - 2 potions of curing {@q1}


   Skills:
 - Level 3.0 Fighting
 - Level 3.1 Axes
 + Level 11.1 Ranged Weapons
 - Level 2.6 Armour
 - Level 2.6 Shields


You had 6 spell levels left.
You didn't know any spells.
Your spell library contained the following spells:

 Spells                   Type           Power      Damage    Failure   Level
 Slow                     Hex            0%         N/A       86%         1
 Cigotuvi's Dreadful Rot  Necr/Pois/Air  0%         N/A       94%         2
 Ensorcelled Hibernation  Hex/Ice        0%         N/A       94%         2
 Passwall                 Tmut/Erth      0%         N/A       94%         2
 Confusing Touch          Hex            0%         N/A       99%         3
 Dazzling Flash           Conj/Hex       0%         N/A       99%         3
 Summon Guardian Golem    Hex/Summ       0%         N/A       99%         3
 Swiftness                Air            0%         N/A       99%         3
 Vampiric Draining        Necr           0%         2d6       99%         3
 Volatile Blastmotes      Fire/Tloc      0%         2d10      99%         3
 Dispel Undead            Necr           0%         3d6       100%        4
 Iskenderun's Mystic Bla  Conj/Tloc      0%         2d3       100%        4
 Death Channel            Necr           0%         N/A       100%        6
 Starburst                Conj/Fire      0%         6d3       100%        6
 Orb of Destruction       Conj           0%         9d5       100%        7
 Spellforged Servitor     Conj/Summ      0%         N/A       100%        7


Dungeon Overview and Level Annotations

Branches:
Dungeon (5/15)
 Temple: D:4-7

Altars:

Annotations:
D:2 1 runed translucent door, Crazy Yiuf
D:4 2 transporters


Innate Abilities, Weirdness & Mutations

A weak demonic guardian rushes to your aid.


Message History

Unknown command.
As you read the scroll labelled QIDWOI ZAOJ, it crumbles to dust.
It is a scroll of brand weapon.
Your +1 war axe is covered with a thin layer of ice!
a - a +1 war axe of freezing (weapon)
Found a war axe.
Found 2 sedimented clear potions.
Found a robe.
You now have 180 gold pieces (gained 8).
You see here a +0 robe.
n - 2 sedimented clear potions Key pressed, stopping explore.
Found 7 stones.
l - 2 viscous golden potions (gained 1)
o - a green potion A howler monkey comes into view.
The howler monkey howls!
A howler monkey is nearby!
A howler monkey is nearby!
A howler monkey is nearby!
The howler monkey hoots and howls with incredible vigour!
You hear a shout!
The howler monkey hits you but does no damage.
You barely miss the howler monkey. You block the howler monkey's attack.
You hit the howler monkey. You freeze the howler monkey.
The howler monkey is moderately wounded.
The howler monkey hits you.
The howler monkey hits you but does no damage.
A howler monkey is nearby!
You closely miss the howler monkey.
The howler monkey is moderately wounded.
The howler monkey hits you but does no damage. x2
A howler monkey is nearby!
You completely miss the howler monkey.
The howler monkey is moderately wounded.
The howler monkey hits you but does no damage.
You slash the howler monkey! You freeze the howler monkey.
You kill the howler monkey!
Key pressed, stopping explore.
No target in view!
Found an escape hatch in the ceiling.
No target in view!
Key pressed, stopping explore.
No target in view!
Key pressed, stopping explore.
No target in view!
Found a book of Burglary.
No target in view!
Key pressed, stopping explore.
No target in view!
No target in view!
Key pressed, stopping explore.
No target in view!
p - an amulet of the acrobat No target in view!
Found a stone staircase leading down.
No target in view!
d - 2 potions of might (gained 1)
Found a rapier.
No target in view!
No target in view!
You start putting on your amulet.
You continue putting on your amulet of the acrobat. x5
You finish putting on your amulet of the acrobat.
You feel ready to tumble and roll out of harm's way.
p - an amulet of the acrobat (around neck)
q - a fizzy clear potion
Found a whip.
There is a stone staircase leading down here.
You see here a +0 rapier.
Found a stone staircase leading up.
You see here a +0 whip.
Key pressed, stopping explore.
Key pressed, stopping explore.
Key pressed, stopping explore.
Found a halberd.
There is a shaft here.
An ogre comes into view. It is wielding a +0 giant spiked club.
The ogre shouts!
An ogre is nearby!
An ogre is nearby!
The ogre hits you with a +0 giant spiked club!
You hit the ogre. You freeze the ogre.
The ogre is moderately wounded.
The ogre barely misses you.
You barely miss the ogre.
The ogre is moderately wounded.
The ogre barely misses you.
You barely miss the ogre.
The ogre is moderately wounded.
The ogre barely misses you.
You hit the ogre. You freeze the ogre.
The ogre is moderately wounded.
The ogre hits you with a +0 giant spiked club!
* * * LOW HITPOINT WARNING * * *
You closely miss the ogre.
The ogre is moderately wounded.
The ogre hits you with a +0 giant spiked club!!
Ouch! That really hurt!
You die...

......... .........
#.......#### #.. ##.......#.#
..# ...........## ## ..##
............##..##
...#..#..#.....O...!..#....
...##....###. #@##........
............. ##.........#
...#.......#.##......#..##
...##......#........##
...##..............^#
..###.....<.##......#######
...##......###)#..........##
#...........#..##..........##
###.........#........###....#


You could see an ogre.

Vanquished Creatures
  Pikel (D:3)
  A sky beast (D:3)
  A phantom (D:4)
  A howler monkey (D:5)
  An orc priest (D:5)
  Ijyb (D:3)
  2 iguanas
  An orc wizard (D:5)
  An adder (D:2)
  A shadow imp (D:5)
  An ufetubus (D:4)
  7 dart slugs
  5 orcs
  3 ball pythons
  9 endoplasms
  4 giant cockroaches
  5 goblins
  7 hobgoblins
  5 jackals
  3 quokkas
  4 bats (D:1)
  2 frilled lizards
  12 kobolds
  8 rats
  A spectral hobgoblin (D:3)
87 creatures vanquished.

Vanquished Creatures (collateral kills)
  A hound (D:5)
  An iguana (D:4)
  3 orcs
  A kobold (D:3)
  A goblin (D:3)
7 creatures vanquished.

Vanquished Creatures (others)
  10 plants
10 creatures vanquished.

Grand Total: 104 creatures vanquished

Notes
Turn   | Place    | Note
-------+----------+-------------------------------------------
     0 | D:1      | Dani the Demonspawn Fighter began the quest for the Orb.
     0 | D:1      | Reached XP level 1. HP: 18/18 MP: 1/1
    81 | D:1      | Reached skill level 2 in Axes
   175 | D:1      | Gained mutation: A weak demonic guardian rushes to your
                  | aid. [demonic ancestry]
   175 | D:1      | Reached XP level 2. HP: 24/24 MP: 2/2
   522 | D:1      | Reached skill level 3 in Axes
   828 | D:2      | Reached XP level 3. HP: 29/29 MP: 3/3
   840 | D:2      | Reached skill level 1 in Ranged Weapons
  1075 | D:2      | Found a runed translucent door.
  1076 | D:2      | Noticed Crazy Yiuf
  1227 | D:2      | Reached skill level 2 in Ranged Weapons
  1566 | D:2      | Reached skill level 3 in Ranged Weapons
  1755 | D:3      | Reached XP level 4. HP: 22/35 MP: 4/4
  1902 | D:3      | Noticed Ijyb
  1914 | D:3      | Killed Ijyb
  1916 | D:3      | Reached skill level 4 in Ranged Weapons
  2053 | D:3      | Found a faded altar of an unknown god.
  2221 | D:4      | Found a transporter.
  2277 | D:4      | Noticed a sky beast
  2415 | D:4      | Noticed a phantom
  2423 | D:4      | Killed a phantom
  2424 | D:4      | Reached skill level 6 in Ranged Weapons
  2424 | D:4      | Reached XP level 5. HP: 37/41 MP: 5/5
  2654 | D:4      | Noticed a lemure
  2655 | D:4      | Noticed a lemure
  2655 | D:4      | Noticed a lemure
  2656 | D:4      | Noticed Pikel
  2670 | D:4      | Noticed a lemure
  2681 | D:3      | HP: 8/41 [something (6)]
  2714 | D:3      | HP: 9/41 [sky beast (6)]
  2715 | D:3      | Killed a sky beast
  2716 | D:3      | Reached skill level 7 in Ranged Weapons
  2716 | D:3      | Reached XP level 6. HP: 11/47 MP: 6/6
  2889 | D:3      | HP: 7/47 [lemure[Pikel] (7)]
  2889 | D:3      | HP: 2/47 [lemure[Pikel] (5)]
  2902 | D:3      | HP: 12/70 [Pikel/+1 whip of flaming (5)]
  2910 | D:3      | HP: 3/70 [Pikel/+1 whip of flaming (7)]
  2911 | D:3      | Killed Pikel
  2912 | D:3      | Reached skill level 10 in Ranged Weapons
  2912 | D:3      | Reached XP level 7. HP: 3/52 MP: 7/7
  3178 | D:4      | Found a transporter.
  3359 | D:5      | Entered Level 5 of the Dungeon
  3472 | D:5      | HP: 10/52 [hound (5)]
  3474 | D:5      | HP: 3/52 [orc/+0 club (2)]
  3481 | D:5      | HP: 3/52 [hound (2)]
  3482 | D:5      | Reached skill level 11 in Ranged Weapons
  3810 | D:5      | Slain by an ogre

Illustrated notes

Levels and vault maps discovered:
D:1:      lemuel_arrival_hallway, layout_loops_ring, minmay_octomino_j4
D:2:      layout_loops_ring, serial_forest, infiniplex_forest_straight_4,
          infiniplex_forest_clump_curved, infiniplex_forest_straight_4,
          infiniplex_forest_clump_double, infiniplex_forest_lined_room_,
          infiniplex_forest_lined_corner, uniq_crazy_yiuf_cottage
D:3:      layout_rooms, dreamdust_ecumenical_altar_drowned_temple,
          lexackson_kobold_supper, uniq_ijyb
D:4:      gammafunk_wand_slinger, layout_cave_pools, corexii_hall_statues_x,
          uniq_pikel
D:5:      layout_cave_pools, grunt_decor_one_mirror, nicolae_underground_beach

Skill      XL: |  1  2  3  4  5  6  7 |
---------------+----------------------+-----
Axes           | 2 3 |  3.1
Ranged Weapons | 3 6 7 10 11 | 11.1
Fighting       | |  3.0
Armour         | |  2.6
Shields        | |  2.6

Action                     |  1- 3 |  4- 6 |  7- 9 || total
---------------------------+-------+-------+-------++-------
  Melee: War axe           |   136 |    93 |    46 ||   275
  Evoke: Wand              |       |     4 |       ||     4
    Use: Scroll            |     6 |     4 |     1 ||    11
         Potion            |       |     3 |       ||     3
 Armour: Scale mail        |    75 |    63 |    28 ||   166
         Skin              |       |     9 |       ||     9
  Dodge: Dodged            |    54 |    40 |    30 ||   124
  Block: Buckler           |    27 |    28 |    17 ||    72

Levels and vault maps discovered:
D:1:      lemuel_arrival_hallway, layout_loops_ring, minmay_octomino_j4
D:2:      layout_loops_ring, serial_forest, infiniplex_forest_straight_4,
          infiniplex_forest_clump_curved, infiniplex_forest_straight_4,
          infiniplex_forest_clump_double, infiniplex_forest_lined_room_,
          infiniplex_forest_lined_corner, uniq_crazy_yiuf_cottage
D:3:      layout_rooms, dreamdust_ecumenical_altar_drowned_temple,
          lexackson_kobold_supper, uniq_ijyb
D:4:      gammafunk_wand_slinger, layout_cave_pools, corexii_hall_statues_x,
          uniq_pikel
D:5:      layout_cave_pools, grunt_decor_one_mirror, nicolae_underground_beach

Table legend: (Time is in decaauts)
 A = Elapsed time spent in this place.
 B = Non-inter-level travel time spent in this place.
 C = Inter-level travel time spent in this place.
 D = Time resting spent in this place.
 E = Time spent auto-exploring this place.
 F = Levels seen in this place.
 G = Mean time per level.
                   A        B        C        D        E       F      G
               +--------+--------+--------+--------+--------+-----+--------+
         Total |   3927 |   3758 |    169 |      0 |   2933 |   5 |  785.4 |
       Dungeon |   3927 |   3758 |    169 |      0 |   2933 |   5 |  785.4 |
               +--------+--------+--------+--------+--------+-----+--------+

Top non-repeatable levels by time:
     D:3: 1020 daAuts
     D:2: 928 daAuts
     D:1: 828 daAuts
     D:4: 688 daAuts
     D:5: 462 daAuts

Table legend:
 A = Kills in this place as a percentage of kills in the entire game.
 B = Kills by you in this place as a percentage of kills by you in the entire game.
 C = Kills by friends in this place as a percentage of kills by friends in the entire game.
 D = Other kills in this place as a percentage of other kills in the entire game.
 E = Experience gained in this place as a percentage of experience gained in the entire game.
 F = Experience gained in this place divided by the number of levels of this place that you have seen.
                   A       B       C       D       E      F
               +-------+-------+-------+-------+-------+----------------------
         Total | 100.0 | 100.0 | 100.0 |   N/A | 100.0 | 281.0
       Dungeon | 100.0 | 100.0 | 100.0 |   N/A | 100.0 | 281.0
               +-------+-------+-------+-------+-------+----------------------
